 Dungeon Crawl Stone Soup version 0.29-a0-451-gfbfa42419e (webtiles) character file.

Game seed: 5981994481864257604

9 jlumianski the Sneak (level 2, -1/24 HPs)
             Began as a Demonspawn Delver on May 19, 2022.
             Slain by a bullfrog (4 damage)
             ... on level 5 of the Dungeon.
             The game lasted 00:00:34 (50 turns).

jlumianski the Sneak (Demonspawn Delver)              Turns: 50, Time: 00:00:34

Health: -1/24      AC:  3    Str: 12    XL:     2   Next: 3%
Magic:  2/2        EV: 11    Int: 11    God:
Gold:   0          SH:  0    Dex: 14    Spells: 1/1 levels left

rFire   . . .      SeeInvis .   a - +0 hand axe
rCold   . . .      Faith    .   (no shield)
rNeg    . . .      Spirit   .   b - +0 leather armour
rPois   .          Reflect  .   (no helmet)
rElec   .          Harm     .   (no cloak)
rCorr   .          Rampage  .   (no gloves)
Will    .....                   (no boots)
Stlth   +++.......              (no amulet)
HPRegen 0.08/turn               (no ring)
MPRegen 0.08/turn               (no ring)

@: no status effects
A: spiny 1
a: no special abilities


You were on level 5 of the Dungeon.
You visited 1 branch of the dungeon, and saw 1 of its levels.

Inventory:

Hand Weapons
 a - a +0 hand axe (weapon)
Armour
 b - a +0 leather armour (worn)
Wands
 g - a wand of digging (3)
Scrolls
 c - a scroll of fog
 d - a scroll of magic mapping
 e - a scroll of fear
Potions
 f - a potion of haste
 h - a potion of might {unknown}


   Skills:
 + Level 3.1 Fighting
 + Level 1.8 Axes
 + Level 1.8 Dodging
 + Level 4.8 Stealth


You had one spell level left.
You didn't know any spells.
Your spell library was empty.

Dungeon Overview and Level Annotations

Branches:
Dungeon (5/15)
 Temple: D:4-7

Altars:

Annotations:
D:5 Dowan, Duvessa


Innate Abilities, Weirdness & Mutations

You are partially covered in sharp spines.


Message History

Welcome, jlumianski the Demonspawn Delver.
Below lies the Orb of Zot, rumoured to be powerful enough to resurrect a god...
Press ? for a list of commands and other information.
Found a stone staircase leading down.
Found an inky potion.
Dowan, Brother of Duvessa comes into view.
He is wielding a +1 dagger of flaming.
Found a ruby potion.
Dowan shouts!
Duvessa, Sister of Dowan comes into view.
She is wielding a +0 rapier.
h - a ruby potion An adder comes into view.
The helpless adder fails to defend itself.
You slash the adder!
The adder is almost dead.
The adder bites you but does no damage. The adder barely misses you.
You hit the adder.
You kill the adder!
You have reached level 2!
Your demonic ancestry asserts itself...
Sharp spines emerge from parts of your body.
A bullfrog comes into view.
Found a cloak.
A scorpion comes into view.
Dowan says, "My weaknesses are her strengths!"
Dowan gestures at you while chanting. The puff of flame hits you!
The bullfrog attacks as you move away! The bullfrog is struck by your spines.
The bullfrog barely misses you. The bullfrog is struck by your spines.
The bullfrog barely misses you.
Dowan gestures wildly while chanting.
Dowan blinks!
The bullfrog attacks as you move away! The bullfrog closely misses you.
The bullfrog hits you.
Found 8 stones.
The bullfrog attacks as you move away! The bullfrog is struck by your spines.
The bullfrog hits you. x2
* * * LOW HITPOINT WARNING * * *
The bullfrog attacks as you move away! The bullfrog hits you.
You die...

...#.#...#####.# ##
......[.....##.# #.
.s.#.#..e##.##e#####.
# #.##.###.##.......
# #.# #.########e #.#
#.# #. # #.#
#.#########
##.##s####.#
#>.........
.......@F..#
###########
.(....###### ##.##


You could see a bullfrog and a scorpion (wandering).

Vanquished Creatures
  An adder (D:5)
1 creature vanquished.

Notes
Turn   | Place    | Note
-------+----------+-------------------------------------------
     0 | D:5      | jlumianski the Demonspawn Delver began the quest for the
                  | Orb.
     0 | D:5      | Reached XP level 1. HP: 18/18 MP: 1/1
    10 | D:5      | Noticed Dowan
    16 | D:5      | Noticed Duvessa
    32 | D:5      | Gained mutation: You are partially covered in sharp spines.
                  | [demonic ancestry]
    32 | D:5      | Reached XP level 2. HP: 24/24 MP: 2/2
    37 | D:5      | Noticed a bullfrog
    37 | D:5      | Noticed a scorpion
    50 | D:5      | Slain by a bullfrog

Illustrated notes

Levels and vault maps discovered:
D:5:      layout_loops_ring, minmay_misc_feat_iff, uniq_edmund, uniq_duvessa

Action                   || total
-------------------------++-------
Melee: Hand axe          ||     2
 Stab: Sleeping          ||     1
Armor: Leather armour    ||     1
Dodge: Dodged            ||     4

Table legend: (Time is in decaauts)
 A = Elapsed time spent in this place.
 B = Non-inter-level travel time spent in this place.
 C = Inter-level travel time spent in this place.
 D = Time resting spent in this place.
 E = Time spent auto-exploring this place.
 F = Levels seen in this place.
 G = Mean time per level.
                   A        B        C        D        E       F      G
               +--------+--------+--------+--------+--------+-----+--------+
         Total |     50 |     50 |      0 |      0 |      0 |   1 |   50.0 |
       Dungeon |     50 |     50 |      0 |      0 |      0 |   1 |   50.0 |
               +--------+--------+--------+--------+--------+-----+--------+

Top non-repeatable levels by time:
     D:5: 50 daAuts
